 Dungeon Crawl Stone Soup version 0.31-a0-227-ga22c3bf811 (webtiles) character file.

Game seed: 9567762619097654525

597 Ijustatesigmund the Stinger (level 7, 0/44 HPs)
             Began as an Octopode Venom Mage on July 6, 2023.
             Slain by a water moccasin (7 damage)
             ... on level 5 of the Dungeon.
             The game lasted 00:10:50 (5317 turns).

Ijustatesigmund the Stinger (Octopode Venom Mage)   Turns: 5317, Time: 00:10:52

Health: 0/44       AC:  1    Str: 10    XL:     7   Next: 40%
Magic:  12/12      EV: 13    Int: 20    God:
Gold:   233        SH:  0    Dex: 18    Spells: 1/13 levels left

rFire   . . .        t - +2 hammer of Nasyizex {venom, Will++ rCorr Str-3 SInv}
rCold   . . .        (no shield)
rNeg    . . .        (helmet restricted)
rPois   .            (no amulet)
rElec   .            e - +6 ring of dexterity
rCorr   +            n - +6 ring of strength
SInv    +            w - ring of willpower
Will    +++..        (no ring)
Stlth   +++          (no ring)
HPRegen 0.27/turn    (no ring)
MPRegen 0.13/turn    (no ring)
                     (no ring)

%: no passive effects
@: lethally poisoned (0 -> -20)
A: almost no armour, amphibious, 8 rings, camouflage 1, gelatinous body 1,
(nimble swimmer 1), tentacles
a: no special abilities


You were on level 5 of the Dungeon.
You visited 1 branch of the dungeon, and saw 5 of its levels.

You collected 233 gold pieces.

Inventory:

Hand Weapons
 d - a +0 war axe
 t - the +2 hammer of Nasyizex (weapon) {venom, Will++ rCorr Str-3 SInv}
   (You found it on level 3 of the Dungeon)

   Str:       It affects your strength (-3).
   SInv:      It lets you see invisible.
   rCorr:     It protects you from acid and corrosion.
   Will:      It greatly increases your willpower.
 u - a +2 hammer of protection
 v - a +3 quarterstaff of chaos
Missiles
 b - 6 silver javelins (quivered)
 x - a throwing net
Armour
 f - a +0 buckler
 i - a +0 kite shield
Jewellery
 e - a +6 ring of dexterity (left tentacle)
 n - a +6 ring of strength (right tentacle)
 q - a ring of flight
 w - a ring of willpower (on tentacle)
Scrolls
 h - a scroll of immolation
Potions
 a - a potion of magic
 c - 2 potions of attraction
 g - 3 potions of curing
 j - a potion of cancellation {unknown}
 k - 3 potions of enlightenment {unknown}
 l - 3 potions of degeneration {unknown}
 m - a potion of might {unknown}
 o - a potion of lignification {unknown}
 r - a potion of ambrosia {unknown}
 s - a potion of mutation {unknown}


   Skills:
 + Level 1.6 Fighting
 + Level 1.0 Maces & Flails
 - Level 2.0 Dodging
 - Level 2.6 Stealth
 + Level 3.9 Spellcasting
 + Level 3.2 Conjurations
 - Level 1.0 Transmutations
 - Level 3.0 Air Magic
 + Level 1.1 Earth Magic
 - Level 5.6 Poison Magic


You had one spell level left.
You knew the following spells:

 Your Spells              Type           Power      Damage    Failure   Level
a - Stone Arrow           Conj/Erth      24%        3d8       16%         3
b - Poisonous Vapours     Pois/Air       42%        N/A       3%          2
c - Mephitic Cloud        Conj/Pois/Air  19%        N/A       8%          3
d - Olgreb's Toxic Radia  Pois           26%        N/A       13%         4

Your spell library contained the following spells:

 Spells                   Type           Power      Damage    Failure   Level
 Sting                    Tmut/Pois      68%        1d6       3%          1
 Sandblast                Erth           16%        2d6       9%          1
 Swiftness                Air            16%        N/A       11%         3
 Passwall                 Tmut/Erth      6%         N/A       13%         2
 Ensorcelled Hibernation  Hex/Ice        6%         N/A       21%         2
 Gell's Gravitas          Tloc           3%         N/A       36%         3
 Teleport Other           Tloc           3%         N/A       36%         3
 Iskenderun's Battlesphe  Conj           16%        2d7       67%         5
 Fireball                 Conj/Fire      5%         3d5       88%         5
 Conjure Ball Lightning   Conj/Air       8%         3x3d6     99%         6
 Dispersal                Tloc           1%         N/A       100%        6
 Orb of Destruction       Conj           8%         9d6       100%        7


Dungeon Overview and Level Annotations

Branches:
Dungeon (5/15)             Temple (0/1) D:4

Altars:
Dithmenos
Elyvilon
Fedhas

Shops:
D:5 ?!(

Annotations:
D:3 1 runed translucent door, BritishOli's ghost, weakling DsFi
D:4 1 runed translucent door, Olga's ghost, amateur OgGl


Innate Abilities, Weirdness & Mutations

You cannot wear most types of armour.
You are amphibious.
You can wear up to eight rings at the same time.
Your skin changes colour to match your surroundings (Stealth+).
Your rubbery body absorbs attacks. (AC +1, EV +1)
((You are camouflaged when in or above water. (Stealth+)))
You have tentacles for arms and can constrict up to eight enemies at once.


Message History

You sock the centaur!
The centaur looks as sick as possible!
The centaur is severely wounded.
The centaur hits you. The centaur kicks you. The centaur misses you. x2
You hit the centaur.
You kill the centaur!
Your Maces & Flails skill increases to level 1!
Your Earth Magic skill increases to level 1!
You hear the rusting of a drain nearby.
You hear the rusting of a drain nearby.
g - 3 potions of curing (gained 1)
A water moccasin comes into view.
You see here a fuming puce potion.
Casting: Poisonous Vapours (safe; 3% risk of failure)
Confirm with . or Enter, or press ? or * to list all spells.
You can't see any susceptible monsters within range! (Use Z to cast anyway.)
You hear the brisk rusting of a drain nearby.
The water moccasin hisses angrily.
The water moccasin bites you.
You are poisoned.
The water moccasin poisons you!
You hit the water moccasin. Your grab misses the water moccasin.
Your squeeze misses the water moccasin.
The water moccasin is lightly wounded.
You feel very sick. The water moccasin bites you.
You are more poisoned.
The water moccasin poisons you! The water moccasin misses you.
You hit the water moccasin. Your grab misses the water moccasin.
The water moccasin is moderately wounded.
You feel extremely sick. The water moccasin bites you.
You are lethally poisoned!
The water moccasin poisons you! The water moccasin bites you!
You hit the water moccasin. You grab the water moccasin.
The water moccasin is heavily wounded.
You constrict the water moccasin, but do no damage.
* * * LOW HITPOINT WARNING * * *
You feel extremely sick. The water moccasin bites you!
You die...

#... ##.#### #)#.#
#...#####..# #.#.#
#.....∩....#######.#.#
#..........#....##.#..
##...>$!.)...........
#........#)...####
#....!...#....#
#........#....#
#$.@.....#....#
#..S.....#....#
#........#....#
#........#....#
#........# #........#
#........# #.........


You could see a water moccasin.

Vanquished Creatures
  Menkaure (D:4)
  A centaur (D:5)
  Blork the orc (D:4)
  A howler monkey (D:5)
  A hound (D:4)
  Crazy Yiuf (D:3)
  A gnoll bouda (D:4)
  An iguana (D:5)
  3 gnolls (D:4)
  7 adders
  4 dart slugs
  4 worms
  6 orcs
  8 endoplasms
  A giant cockroach (D:1)
  3 goblins (D:2)
  7 hobgoblins
  8 quokkas
  4 ball pythons
  8 bats
  A frilled lizard (D:1)
  4 kobolds
  7 rats
83 creatures vanquished.

Notes
Turn   | Place    | Note
-------+----------+-------------------------------------------
     0 | D:1      | Ijustatesigmund the Octopode Venom Mage began the quest for
                  | the Orb.
     0 | D:1      | Reached XP level 1. HP: 11/11 MP: 3/3
   130 | D:1      | Reached XP level 2. HP: 18/18 MP: 5/5
   133 | D:1      | Learned a level 2 spell: Poisonous Vapours
   252 | D:1      | Reached skill level 4 in Poison Magic
   402 | D:1      | Reached skill level 1 in Fighting
   613 | D:1      | Reached XP level 3. HP: 23/23 MP: 6/6
   617 | D:1      | Learned a level 3 spell: Mephitic Cloud
   984 | D:2      | Reached skill level 1 in Air Magic
  1296 | D:2      | Found a white marble altar of Elyvilon.
  1414 | D:2      | Reached XP level 4. HP: 28/28 MP: 4/7
  1508 | D:2      | Reached skill level 1 in Conjurations
  2189 | D:3      | Noticed BritishOli's ghost (weakling DsFi)
  2279 | D:3      | Found a runed translucent door.
  2429 | D:3      | Found a shadowy altar of Dithmenos.
  2576 | D:3      | Reached XP level 5. HP: 33/33 MP: 7/9
  2608 | D:3      | Found a blossoming altar of Fedhas.
  2909 | D:3      | Found a runed translucent door.
  2910 | D:3      | Identified the +1 hammer of the Bespelling Fox {antimagic,
                  | rElec rF+ Int+4}
  2910 | D:3      | Noticed Crazy Yiuf
  2917 | D:3      | Killed Crazy Yiuf
  2924 | D:3      | Identified the +2 hammer of Nasyizex {venom, Will++ rCorr
                  | Str-3 SInv}
  3404 | D:4      | Learned a level 4 spell: Olgreb's Toxic Radiance
  3773 | D:4      | Reached skill level 5 in Poison Magic
  3974 | D:4      | Noticed Blork the orc
  3985 | D:4      | Killed Blork the orc
  3986 | D:4      | Reached XP level 6. HP: 17/38 MP: 1/11
  3986 | D:4      | Found a staircase to the Ecumenical Temple.
  4082 | D:4      | Noticed Menkaure
  4090 | D:4      | Killed Menkaure
  4267 | D:4      | Found a runed translucent door.
  4269 | D:4      | Noticed Olga's ghost (amateur OgGl)
  4392 | D:4      | Reached XP level 7. HP: 29/43 MP: 8/12
  4396 | D:4      | Learned a level 3 spell: Stone Arrow
  4962 | D:5      | Entered Level 5 of the Dungeon
  5047 | D:5      | Found Exzyebb's Antique Weapon Shoppe.
  5116 | D:5      | Found Cerom's Distillery.
  5195 | D:5      | Found Jocin's Magic Scroll Shoppe.
  5204 | D:5      | Reached skill level 1 in Maces & Flails
  5204 | D:5      | Reached skill level 1 in Earth Magic
  5317 | D:5      | Slain by a water moccasin

Illustrated notes

Levels and vault maps discovered:
D:1:      mrwooster_arrival_statue, layout_rooms, minmay_tree_intersection,
          st_stairs_5
D:2:      layout_basic, basic_altar, roderic_lattice_a
D:3:      layout_rooms, fedhas_altar_3, nicolae_dithmenos_shadow_blocks,
          hellmonk_ghost_happy_afterlife, st_stairs_6, minivault_26,
          uniq_crazy_yiuf_cottage
D:4:      layout_loops_ring, minmay_temple_entry_crystal_x,
          ebering_ghost_reflecting_pool, minmay_bisected, uniq_blork_the_orc,
          uniq_menkaure
D:5:      layout_basic, cheibrodos_sewer_entry_drain, serial_shops,
          nicolae_shop_peninsula, shop, shop, nicolae_shop_rolling_square

Skill      XL: |  1  2  3  4  5  6  7 |
---------------+----------------------+-----
Poison Magic   | 4 5 |  5.6
Fighting       | 1 |  1.6
Air Magic      | 1 2 3 |  3.0
Conjurations   | 1 2 3 |  3.2
Spellcasting   | 3 |  3.9
Maces & Flails | 1 |  1.0
Earth Magic    | 1 |  1.1
Dodging        | |  2.0
Stealth        | |  2.6
Transmutations | |  1.0

Action                     |  1- 3 |  4- 6 |  7- 9 || total
---------------------------+-------+-------+-------++-------
  Melee: Unarmed           |     7 |       |       ||     7
         Constrict         |    18 |    19 |     5 ||    42
         Tentacles         |    10 |    15 |     2 ||    27
         Staff             |    35 |       |       ||    35
         Long sword        |     2 |     8 |       ||    10
         War axe           |       |    33 |       ||    33
         Punch             |       |     2 |       ||     2
         Mace              |       |    26 |    19 ||    45
  Throw: Javelin           |    10 |    11 |       ||    21
   Cast: Sting             |     9 |     1 |       ||    10
         Poisonous Vapours |    19 |    30 |    12 ||    61
         Mephitic Cloud    |       |     2 |       ||     2
         Olgreb's Toxic Ra |       |     1 |       ||     1
    Use: Scroll            |     4 |     5 |     2 ||    11
         Potion            |       |     1 |       ||     1
   Stab: Sleeping          |     1 |     1 |     1 ||     3
 Armour: Skin              |     2 |     2 |       ||     4
  Dodge: Dodged            |    41 |    39 |    14 ||    94

Table legend: (Time is in decaauts)
 A = Elapsed time spent in this place.
 B = Non-inter-level travel time spent in this place.
 C = Inter-level travel time spent in this place.
 D = Time resting spent in this place.
 E = Time spent auto-exploring this place.
 F = Levels seen in this place.
 G = Mean time per level.
                   A        B        C        D        E       F      G
               +--------+--------+--------+--------+--------+-----+--------+
         Total |   5369 |   5281 |     88 |   1176 |   3416 |   5 | 1073.8 |
       Dungeon |   5369 |   5281 |     88 |   1176 |   3416 |   5 | 1073.8 |
               +--------+--------+--------+--------+--------+-----+--------+

Top non-repeatable levels by time:
     D:4: 1587 daAuts
     D:2: 1314 daAuts
     D:3: 1254 daAuts
     D:1: 853 daAuts
     D:5: 359 daAuts
